Workbook
Name CASE: 'Scenario Drivers'!$B$6

Sheet Summary
B2: ULTA
B3: Financial Dashboard - FY End 1/31
B5: TRADING STATISTICS | E5: 42736 | G5: SUMMARY FINANCIALS | I5: 2013 | N5: =I5+1 -> 2014 | S5: =N5+1 -> 2015 | X5: 2016E | AC5: 2017E | AH5: 2018E
B6: Price | E6: 265.02 | G6: Revenue | I6: =Model!G58 -> 2670.573 | J6: =Model!H58 -> 713.77 | K6: =Model!I58 -> 734.236 | L6: =Model!J58 -> 745.722 | M6: =Model!K58 -> 1047.641 | N6: =Model!L58 -> 3241.4 | O6: =Model!M58 -> 868.122 | P6: =Model!N58 -> 876.999 | ... AH6: =Model!AF58 -> 5842.697
B7: Diluted Shares | E7: =Model!T68 -> 62.692 | G7: EBITDA | I7: =Model!G72 -> 433.871 | J7: =Model!H72 -> 713.77 | K7: =Model!I72 -> 734.236 | L7: =Model!J72 -> 745.722 | M7: =Model!K72 -> 137.467 | N7: =Model!L72 -> 542.216 | O7: =Model!M72 -> 145.549 | P7: =Model!N72 -> 157.231 | ... AH7: =Model!AF72 -> 1031.9383
B8: Market Cap | E8: =E7*E6 -> 16614.634 | G8: EPS | I8: =Model!G69 -> 3.1468485 | J8: =Model!H69 -> 0 | K8: =Model!I69 -> 0 | L8: =Model!J69 -> 0 | M8: =Model!K69 -> 1.3496451 | N8: =Model!L69 -> 3.9782679 | O8: =Model!M69 -> 1.0370382 | P8: =Model!N69 -> 1.1515137 | ... AH8: =Model!AF69 -> 7.8534549
B9: Net Debt (Cash) | E9: =-Model!T106 -> -133.108 | G9: FCF | I9: =Model!G73 -> 83.108 | J9: =Model!H73 -> 713.77 | K9: =Model!I73 -> 734.236 | L9: =Model!J73 -> 745.722 | M9: =Model!K73 -> 87.264 | N9: =Model!L73 -> 147.589 | O9: =Model!M73 -> 11.672 | P9: =Model!N73 -> 250.52 | ... AH9: =Model!AF73 -> 260.79577
B10: Enterprise Value | E10: =E8+E9 -> 16481.526 | G10: FCF/Share | I10: =Model!G74 -> 1.2892757 | J10: =Model!H74 -> #DIV/0! | K10: =Model!I74 -> #DIV/0! | L10: =Model!J74 -> #DIV/0! | M10: =Model!K74 -> 1.3496451 | N10: =Model!L74 -> 2.2828572 | O10: =Model!M74 -> 0.18080706 | P10: =Model!N74 -> 3.8894582 | ... AH10: =Model!AF74 -> 4.159953
B12: EPS Valuation | C12: Bear | D12: Base | E12: Bull | G12: Gross Margin % | I12: =Model!G77 -> 0.3524517 | J12: =Model!H77 -> 1 | K12: =Model!I77 -> 1 | L12: =Model!J77 -> 1 | M12: =Model!K77 -> 0.33383287 | N12: =Model!L77 -> 0.35071821 | O12: =Model!M77 -> 0.34924124 | P12: =Model!N77 -> 0.34945878 | ... AH12: =Model!AF77 -> 0.36489883
B13: 2018 EPS | C13: =IF(CASE=1,$AH$8,C13) -> 8.6060125 | D13: =IF(CASE=2,$AH$8,D13) -> 7.8534549 | E13: =IF(CASE=3,$AH$8,E13) -> 10.158756 | G13: EBITDA Margin % | I13: =I7/I6 -> 0.16246364 | J13: =J7/J6 -> 1 | K13: =K7/K6 -> 1 | L13: =L7/L6 -> 1 | M13: =M7/M6 -> 0.13121575 | N13: =N7/N6 -> 0.16727834 | O13: =O7/O6 -> 0.16765961 | P13: =P7/P6 -> 0.17928299 | ... AH13: =AH7/AH6 -> 0.1766202
B14: P/E Multiple | C14: 25 | D14: 30 | E14: 35 | G14: FCF/Net Income % | I14: =Model!G82 -> 0.40970377 | J14: =Model!H82 -> 1 | K14: =Model!I82 -> 1 | L14: =Model!J82 -> 1 | M14: =Model!K82 -> 1 | N14: =Model!L82 -> 0.57383194 | O14: =Model!M82 -> 0.17434948 | P14: =Model!N82 -> 3.3776915 | ... AH14: =Model!AF82 -> 0.52969719
B15: Share Price | C15: =C14*C13 -> 215.15031 | D15: =D14*D13 -> 235.60365 | E15: =E14*E13 -> 355.55647
B16: Upside/(Downside) | C16: =C15/$E$6-1 -> -0.18817329 | D16: =D15/$E$6-1 -> -0.11099673 | E16: =E15/$E$6-1 -> 0.34162127 | G16: Revenue Growth y/y % | N16: =N6/I6-1 -> 0.21374701 | O16: =O6/J6-1 -> 0.21624893 | P16: =P6/K6-1 -> 0.19443748 | Q16: =Q6/L6-1 -> 0.22123258 | R16: =R6/M6-1 -> 0.21062463 | S16: =S6/N6-1 -> 0.21062535 | T16: =T6/O6-1 -> 0.23682616 | U16: =U6/P6-1 -> 0.21917471 | ... AH16: =AH6/AC6-1 -> 0.082500223
B17: Probability | C17: 0.25 | D17: 0.5 | E17: 0.25 | G17: EBITDA Growth y/y % | N17: =N7/I7-1 -> 0.24971708 | O17: =O7/J7-1 -> -0.79608417 | P17: =P7/K7-1 -> -0.78585768 | Q17: =Q7/L7-1 -> -0.79471975 | R17: =R7/M7-1 -> 0.56756894 | S17: =S7/N7-1 -> 0.23816154 | T17: =T7/O7-1 -> 0.34010539 | U17: =U7/P7-1 -> 0.23025358 | ... AH17: =AH7/AC7-1 -> 0.082713828
G18: EPS Growth y/y % | N18: =N8/I8-1 -> 0.26420702 | O18: =O8/J8-1 -> #DIV/0! | P18: =P8/K8-1 -> #DIV/0! | Q18: =Q8/L8-1 -> #DIV/0! | R18: =R8/M8-1 -> 0.24898149 | S18: =S8/N8-1 -> 0.25213083 | T18: =T8/O8-1 -> 0.40034807 | U18: =U8/P8-1 -> 0.24435171 | ... AH18: =AH8/AC8-1 -> 0.082412553
B19: Weighted Average Price (P/E Multiple) | E19: =(C15*C17)+D17*D15+E17*E15 -> 260.47852
G20: P/E | S20: =$E$6/S8 -> 53.202852 | T20: =$E$6/T8 -> 182.49371 | U20: =$E$6/U8 -> 184.95513 | V20: =$E$6/V8 -> 189.81645 | W20: =$E$6/W8 -> 123.7926 | X20: =$E$6/X8 -> 41.266669 | Y20: =$E$6/Y8 -> 157.45767 | Z20: =$E$6/Z8 -> 162.46459 | ... AH20: =$E$6/AH8 -> 33.745658
B21: EBITDA Valuation | C21: Bear | D21: Base | E21: Bull | G21: EV/EBITDA | S21: =$E$10/S7 -> 24.54979 | T21: =$E$10/T7 -> 84.498546 | U21: =$E$10/U7 -> 85.204906 | V21: =$E$10/V7 -> 85.356261 | W21: =$E$10/W7 -> 61.324647 | X21: =$E$10/X7 -> 19.382401 | Y21: =$E$10/Y7 -> 74.384417 | Z21: =$E$10/Z7 -> 75.579214 | ... AH21: =$E$10/AH7 -> 15.971425
B22: 2018 EBITDA | C22: =IF(CASE=1,$AH$7,C22) -> 1130.3793 | D22: =IF(CASE=2,$AH$7,D22) -> 1031.9383 | E22: =IF(CASE=3,$AH$7,E22) -> 1334.585 | G22: FCF Yield % | S22: =S10/$E$6 -> 0.0045029308 | T22: =T10/$E$6 -> 0.0067088305 | U22: =U10/$E$6 -> -0.002557744 | V22: =V10/$E$6 -> -0.0016982017 | W22: =W10/$E$6 -> 0.0072895894 | X22: =X10/$E$6 -> 0.0097765609 | Y22: =Y10/$E$6 -> 0.0068450406 | Z22: =Z10/$E$6 -> 0.00072585281 | ... AH22: =AH10/$E$6 -> 0.015696751
B23: EBITDA Multiple | C23: 10 | D23: 15 | E23: 20
B24: Enterprise Value | C24: =C23*C22 -> 11303.793 | D24: =D23*D22 -> 15479.075 | E24: =E23*E22 -> 26691.7 | G24: ROE | I24: =Model!G101 -> 0.20222332 | J24: =Model!H101 -> #DIV/0! | K24: =Model!I101 -> #DIV/0! | L24: =Model!J101 -> #DIV/0! | M24: =Model!K101 -> 0.069950598 | N24: =Model!L101 -> 0.20617006 | O24: =Model!M101 -> 0.2055158 | P24: =Model!N101 -> 0.22077573 | ... AH24: =Model!AF101 -> 0.19138486
B25: Add: Net Cash (2018) | C25: =IF(CASE=1,Model!$AF$106,C25) -> 762.6126 | D25: =IF(CASE=2,Model!$AF$106,D25) -> 769.56387 | E25: =IF(CASE=3,Model!$AF$106,E25) -> 787.77938 | G25: ROIC | I25: =Model!G102 -> 0.20210569 | J25: =Model!H102 -> #DIV/0! | K25: =Model!I102 -> #DIV/0! | L25: =Model!J102 -> #DIV/0! | M25: =Model!K102 -> 0.069765429 | N25: =Model!L102 -> 0.20545343 | O25: =Model!M102 -> 0.20456107 | P25: =Model!N102 -> 0.21995417 | ... AH25: =Model!AF102 -> 0.19100198
B26: Market Cap | C26: =C24+C25 -> 12066.405 | D26: =D24+D25 -> 16248.639 | E26: =E24+E25 -> 27479.48
B27: Shares Outstanding | C27: =Model!AF68 -> 62.692 | D27: =C27 -> 62.692 | E27: =D27 -> 62.692
B28: Share Price | C28: =C26/C27 -> 192.47121 | D28: =D26/D27 -> 259.18201 | E28: =E26/E27 -> 438.32514
B29: Upside/(Downside) | C29: =C28/$E$6-1 -> -0.27374835 | D29: =D28/$E$6-1 -> -0.022028475 | E29: =E28/$E$6-1 -> 0.65393232
B30: Probability | C30: 0.25 | D30: 0.5 | E30: 0.25
B32: Weighted Average (EBITDA Multiple) | E32: =(C28*C30)+D30*D28+E30*E28 -> 287.2901
B34: Weighted Average Target Price: | E34: =AVERAGE(E32,E19) -> 273.88431
B35: Upside/(Downside) | E35: =E34/$E$6-1 -> 0.033447691

Sheet Model
B2: ULTA | C2: =D2-1 -> 2009 | D2: =E2-1 -> 2010 | E2: =F2-1 -> 2011 | F2: =G2-1 -> 2012 | G2: 2013 | H2: 1Q | I2: 2Q | J2: 3Q | K2: 4Q | L2: =G2+1 -> 2014 | M2: 1Q | N2: 2Q | O2: 3Q | P2: 4Q | Q2: =L2+1 -> 2015 | R2: 1Q | S2: 2Q | T2: 3Q | U2: 4QE | V2: 2016E | W2: 1QE | X2: 2QE | Y2: 3QE | Z2: 4QE | AA2: 2017E | AB2: 1QE | AC2: 2QE | AD2: 3QE | AE2: 4QE | AF2: 2018E
B3: Earnings Model - FY End 1/31 | G3: 41670 | H3: =EOMONTH(G3,3) -> 41759 | I3: =EOMONTH(H3,3) -> 41851 | J3: =EOMONTH(I3,3) -> 41943 | K3: =EOMONTH(J3,3) -> 42035 | L3: =K3 -> 42035 | M3: =EOMONTH(L3,3) -> 42124 | N3: =EOMONTH(M3,3) -> 42216 | O3: =EOMONTH(N3,3) -> 42308 | P3: =EOMONTH(O3,3) -> 42400 | Q3: =P3 -> 42400 | R3: =EOMONTH(Q3,3) -> 42490 | S3: =EOMONTH(R3,3) -> 42582 | T3: =EOMONTH(S3,3) -> 42674 | U3: =EOMONTH(T3,3) -> 42766 | V3: =U3 -> 42766 | W3: =EOMONTH(V3,3) -> 42855 | X3: =EOMONTH(W3,3) -> 42947 | Y3: =EOMONTH(X3,3) -> 43039 | Z3: =EOMONTH(Y3,3) -> 43131 | AA3: =Z3 -> 43131 | AB3: =EOMONTH(AA3,3) -> 43220 | AC3: =EOMONTH(AB3,3) -> 43312 | AD3: =EOMONTH(AC3,3) -> 43404 | AE3: =EOMONTH(AD3,3) -> 43496 | AF3: =AE3 -> 43496
B6: SEGMENT DATA
B8: STORE DATA:
B9: Stores: BOP | G9: 550 | L9: =G12 -> 675 | M9: 774 | N9: 797 | O9: 817 | P9: 860 | Q9: =L12 -> 774 | R9: 874 | S9: =R12 -> 886 | T9: =S12 -> 907 | U9: =T12 -> 949 | V9: =Q12 -> 874 | W9: =V12 -> 970 | X9: =W12 -> 995 | Y9: =X12 -> 1020 | Z9: =Y12 -> 1045 | AA9: =V12 -> 970 | AB9: =AA12 -> 1070 | AC9: =AB12 -> 1095 | AD9: =AC12 -> 1120 | AE9: =AD12 -> 1145 | AF9: =AA12 -> 1070
B10: (+) Opened | G10: 127 | L10: 100 | M10: 24 | N10: 20 | O10: 45 | P10: 14 | Q10: =SUM(M10:P10) -> 103 | R10: 13 | S10: 24 | T10: 42 | U10: =100-T10-S10-R10 -> 21 | V10: =SUM(R10:U10) -> 100 | W10: 25 | X10: 25 | Y10: 25 | Z10: 25 | AA10: =SUM(W10:Z10) -> 100 | AB10: 25 | AC10: 25 | AD10: 25 | AE10: 25 | AF10: =SUM(AB10:AE10) -> 100
B11: (-) Closed | G11: -2 | L11: -1 | M11: -1 | N11: 0 | O11: -2 | P11: 0 | Q11: =SUM(M11:P11) -> -3 | R11: -1 | S11: -3 | T11: 0 | U11: 0 | V11: =SUM(R11:U11) -> -4 | W11: 0 | X11: 0 | Y11: 0 | Z11: 0 | AA11: =SUM(W11:Z11) -> 0 | AB11: 0 | AC11: 0 | AD11: 0 | AE11: 0 | AF11: =SUM(AB11:AE11) -> 0
B12: Stores EOP | G12: =SUM(G9:G11) -> 675 | H12: =SUM(H9:H11) -> 0 | I12: =SUM(I9:I11) -> 0 | J12: =SUM(J9:J11) -> 0 | K12: =SUM(K9:K11) -> 0 | L12: 774 | M12: =SUM(M9:M11) -> 797 | N12: =SUM(N9:N11) -> 817 | O12: =SUM(O9:O11) -> 860 | P12: =SUM(P9:P11) -> 874 | Q12: =SUM(Q9:Q11) -> 874 | R12: =SUM(R9:R11) -> 886 | S12: =SUM(S9:S11) -> 907 | T12: =SUM(T9:T11) -> 949 | ... AF12: =SUM(AF9:AF11) -> 1170
B13: growth y/y % | L13: =L12/G12-1 -> 0.14666667 | Q13: =Q12/L12-1 -> 0.12919897 | R13: =R12/M12-1 -> 0.11166876 | S13: =S12/N12-1 -> 0.11015912 | T13: =T12/O12-1 -> 0.10348837 | U13: =U12/P12-1 -> 0.10983982 | V13: =V12/Q12-1 -> 0.10983982 | W13: =W12/R12-1 -> 0.12302483 | X13: =X12/S12-1 -> 0.12458655 | ... AF13: =AF12/AA12-1 -> 0.093457944
B14: Average Stores Open | G14: =AVERAGE(G12,G9) -> 612.5 | L14: =AVERAGE(L12,L9) -> 724.5 | M14: =AVERAGE(M12,M9) -> 785.5 | N14: =AVERAGE(N12,N9) -> 807 | O14: =AVERAGE(O12,O9) -> 838.5 | P14: =AVERAGE(P12,P9) -> 867 | Q14: =AVERAGE(Q12,Q9) -> 824 | R14: =AVERAGE(R12,R9) -> 880 | S14: =AVERAGE(S12,S9) -> 896.5 | ... AF14: =AVERAGE(AF12,AF9) -> 1120
B15: growth y/y % | L15: =L14/G14-1 -> 0.18285714 | Q15: =Q14/L14-1 -> 0.13733609 | R15: =R14/M14-1 -> 0.12030554 | S15: =S14/N14-1 -> 0.11090458 | T15: =T14/O14-1 -> 0.10673822 | U15: =U14/P14-1 -> 0.10668973 | V15: =V14/Q14-1 -> 0.11893204 | W15: =W14/R14-1 -> 0.11647727 | X15: =X14/S14-1 -> 0.12381484 | ... AF15: =AF14/AA14-1 -> 0.098039216
B17: Gross Sq. Feet BOP (m) | G17: 5874.393 | H17: =G20 -> 7158.286 | I17: =H20 -> 7414.3155 | J17: =I20 -> 7670.345 | K17: =J20 -> 7926.3745 | L17: =G20 -> 7158.286 | M17: 8182.404 | N17: =M20 -> 8425.381 | O17: =N20 -> 8628.213 | P17: =O20 -> 9080.084 | Q17: =L20 -> 8182.404 | R17: 9225.957 | S17: =R20 -> 9348.577 | T17: =S20 -> 9555.192 | U17: =T20 -> 10012.142 | V17: =Q20 -> 9225.957 | W17: =V20 -> 10233.54 | X17: =W20 -> 10497.108 | Y17: =X20 -> 10760.677 | Z17: =Y20 -> 11024.245 | AA17: =V20 -> 10233.54 | AB17: =AA20 -> 11287.814 | AC17: =AB20 -> 11551.383 | AD17: =AC20 -> 11814.951 | AE17: =AD20 -> 12078.52 | AF17: =AA20 -> 11287.814
B18: (+) Opened | G18: =G20-G17 -> 1283.893 | H18: =$L$18/4 -> 256.0295 | I18: =$L$18/4 -> 256.0295 | J18: =$L$18/4 -> 256.0295 | K18: =$L$18/4 -> 256.0295 | L18: =L20-L17 -> 1024.118 | M18: 253.429 | N18: 202.832 | O18: 474.278 | P18: 145.873 | Q18: =SUM(M18:P18) -> 1076.412 | R18: 132.81 | S18: 253.023 | T18: 456.95 | U18: =(U10*U52)/1000 -> 221.39764 | V18: =SUM(R18:U18) -> 1064.1806 | W18: =(W10*W52)/1000 -> 263.56862 | X18: =(X10*X52)/1000 -> 263.56862 | Y18: =(Y10*Y52)/1000 -> 263.56862 | Z18: =(Z10*Z52)/1000 -> 263.56862 | AA18: =SUM(W18:Z18) -> 1054.2745 | AB18: =(AB10*AB52)/1000 -> 263.56862 | AC18: =(AC10*AC52)/1000 -> 263.56862 | AD18: =(AD10*AD52)/1000 -> 263.56862 | AE18: =(AE10*AE52)/1000 -> 263.56862 | AF18: =SUM(AB18:AE18) -> 1054.2745
B19: (-) Closed | M19: -10.452 | N19: 0 | O19: -22.407 | P19: 0 | Q19: =SUM(M19:P19) -> -32.859 | R19: -10.19 | S19: -46.408 | T19: 0 | U19: 0 | V19: =SUM(R19:U19) -> -56.598 | W19: =(W11*W53)/1000 -> 0 | X19: =(X11*X53)/1000 -> 0 | Y19: =(Y11*Y53)/1000 -> 0 | Z19: =(Z11*Z53)/1000 -> 0 | AA19: =SUM(W19:Z19) -> 0 | AB19: =(AB11*AB53)/1000 -> 0 | AC19: =(AC11*AC53)/1000 -> 0 | AD19: =(AD11*AD53)/1000 -> 0 | AE19: =(AE11*AE53)/1000 -> 0 | AF19: =SUM(AB19:AE19) -> 0
B20: Gross Sq. Feet EOP | G20: 7158.286 | H20: =SUM(H17:H19) -> 7414.3155 | I20: =SUM(I17:I19) -> 7670.345 | J20: =SUM(J17:J19) -> 7926.3745 | K20: =SUM(K17:K19) -> 8182.404 | L20: =M17 -> 8182.404 | M20: =SUM(M17:M19) -> 8425.381 | N20: =SUM(N17:N19) -> 8628.213 | O20: =SUM(O17:O19) -> 9080.084 | P20: =SUM(P17:P19) -> 9225.957 | Q20: =P20 -> 9225.957 | R20: =SUM(R17:R19) -> 9348.577 | S20: =SUM(S17:S19) -> 9555.192 | T20: =SUM(T17:T19) -> 10012.142 | U20: =SUM(U17:U19) -> 10233.54 | V20: =SUM(V17:V19) -> 10233.54 | W20: =SUM(W17:W19) -> 10497.108 | X20: =SUM(X17:X19) -> 10760.677 | Y20: =SUM(Y17:Y19) -> 11024.245 | ... AF20: =SUM(AF17:AF19) -> 12342.089
B21: growth y/y % | M21: =M20/H20-1 -> 0.13636667 | N21: =N20/I20-1 -> 0.12487939 | O21: =O20/J20-1 -> 0.14555324 | P21: =P20/K20-1 -> 0.12753624 | Q21: =Q20/L20-1 -> 0.12753624 | R21: =R20/M20-1 -> 0.10957321 | S21: =S20/N20-1 -> 0.1074358 | T21: =T20/O20-1 -> 0.10264861 | ... AF21: =AF20/AA20-1 -> 0.093399347
B22: Average Sq. Footage | G22: =AVERAGE(G20,G17) -> 6516.3395 | H22: =AVERAGE(H20,H17) -> 7286.3008 | I22: =AVERAGE(I20,I17) -> 7542.3303 | J22: =AVERAGE(J20,J17) -> 7798.3598 | K22: =AVERAGE(K20,K17) -> 8054.3893 | L22: =AVERAGE(L20,L17) -> 7670.345 | M22: =AVERAGE(M20,M17) -> 8303.8925 | N22: =AVERAGE(N20,N17) -> 8526.797 | ... AF22: =AVERAGE(AF20,AF17) -> 11814.951
B23: growth y/y % | L23: =L22/G22-1 -> 0.17709413 | M23: =M22/H22-1 -> 0.13965821 | N23: =N22/I22-1 -> 0.13052554 | O23: =O22/J22-1 -> 0.135386 | P23: =P22/K22-1 -> 0.13640156 | Q23: =Q22/L22-1 -> 0.13478344 | R23: =R22/M22-1 -> 0.11842332 | S23: =S22/N22-1 -> 0.10849179 | ... AF23: =AF22/AA22-1 -> 0.097974735
B25: SSS DATA:
B26: Retail | P26: =P28-P27 -> 0.012 | R26: =R28-R27 -> 0.062 | S26: =S28-S27 -> 0.046 | T26: =T28-T27 -> 0.04
B27: Salon | P27: 0.092 | R27: 0.077 | S27: 0.08 | T27: 0.103
B28: Retail+Salon Comp | G28: 0.061 | L28: 0.081 | M28: 0.097 | N28: 0.089 | O28: 0.109 | P28: 0.104 | R28: 0.139 | S28: 0.126 | T28: 0.143
B29: E-Commerce Comp | G29: 0.766 | L29: 0.564 | M29: 0.498 | N29: 0.434 | O29: 0.563 | P29: 0.442 | R29: 0.388 | S29: 0.549 | T29: 0.591
B30: Total Comp | G30: 0.079 | L30: 0.099 | M30: 0.114 | N30: 0.101 | O30: 0.128 | P30: 0.125 | Q30: 0.118 | R30: 0.152 | S30: 0.144 | T30: 0.167 | U30: 0.14 | V30: =SUMPRODUCT(R30:U30,R47:U47)/V47 -> 0.14990456 | W30: ='Scenario Drivers'!W8 -> 0.14 | X30: ='Scenario Drivers'!X8 -> 0.13 | Y30: ='Scenario Drivers'!Y8 -> 0.12 | Z30: ='Scenario Drivers'!Z8 -> 0.11 | AA30: =SUMPRODUCT(W30:Z30,W47:Z47)/AA47 -> 0.12358813 | AB30: ='Scenario Drivers'!AB8 -> 0.1 | AC30: ='Scenario Drivers'!AC8 -> 0.09 | AD30: ='Scenario Drivers'!AD8 -> 0.08 | AE30: ='Scenario Drivers'!AE8 -> 0.07 | AF30: =SUMPRODUCT(AB30:AE30,AB47:AE47)/AF47 -> 0.083702941
B31: Transactions | P31: 0.086 | Q31: 0.084 | R31: 0.11 | S31: 0.097 | T31: 0.111
B32: Ticket | P32: 0.039 | Q32: 0.034 | R32: 0.042 | S32: 0.047 | T32: 0.056
B33: Total | L33: =L30 -> 0.099 | M33: =M30 -> 0.114 | N33: =N30 -> 0.101 | O33: 0.128 | P33: 0.125 | Q33: 0.118 | R33: =SUM(R31:R32) -> 0.152 | S33: =SUM(S31:S32) -> 0.144 | T33: =SUM(T31:T32) -> 0.167 | U33: 0.14
B34: 2-yr stack% | L34: =L33+G33 -> 0.099 | M34: =M33+H33 -> 0.114 | N34: =N33+I33 -> 0.101 | O34: =O33+J33 -> 0.128 | P34: =P33+K33 -> 0.125 | Q34: =Q33+L33 -> 0.217 | R34: =R33+M33 -> 0.266 | S34: =S33+N33 -> 0.245 | ... AF34: =AF33+AA33 -> 0
B36: Salon Sales | L36: 175.5 | M36: 51.3 | N36: 51.6 | O36: 51.7 | P36: 54.6 | Q36: =SUM(M36:P36) -> 209.2 | R36: 58.9 | S36: 59 | T36: 60.4 | U36: =P36*(1+U37) -> 62.79 | V36: =SUM(R36:U36) -> 241.09 | W36: =R36*(1+W37) -> #REF! | X36: =S36*(1+X37) -> #REF! | Y36: =T36*(1+Y37) -> #REF! | Z36: =U36*(1+Z37) -> #REF! | AA36: =SUM(W36:Z36) -> #REF! | AB36: =W36*(1+AB37) -> #REF! | AC36: =X36*(1+AC37) -> #REF! | AD36: =Y36*(1+AD37) -> #REF! | AE36: =Z36*(1+AE37) -> #REF! | AF36: =SUM(AB36:AE36) -> #REF!
B37: y/y % | G37: =G36/B36-1 -> #VALUE! | H37: =H36/C36-1 -> #DIV/0! | I37: =I36/D36-1 -> #DIV/0! | J37: =J36/E36-1 -> #DIV/0! | K37: =K36/F36-1 -> #DIV/0! | L37: =L36/G36-1 -> #DIV/0! | M37: =M36/H36-1 -> #DIV/0! | N37: =N36/I36-1 -> #DIV/0! | ... T37: =T36/O36-1 -> 0.16827853 | U37: 0.15 | V37: =V36/Q36-1 -> 0.15243786 | W37: ='Scenario Drivers'!#REF! -> #REF! | X37: ='Scenario Drivers'!#REF! -> #REF! | Y37: ='Scenario Drivers'!#REF! -> #REF! | Z37: ='Scenario Drivers'!#REF! -> #REF! | AA37: =AA36/V36-1 -> #REF! | AB37: ='Scenario Drivers'!#REF! -> #REF! | AC37: ='Scenario Drivers'!#REF! -> #REF! | AD37: ='Scenario Drivers'!#REF! -> #REF! | AE37: ='Scenario Drivers'!#REF! -> #REF! | AF37: =AF36/AA36-1 -> #REF!
B38: E-Commerce Sales | L38: 149.9 | M38: 44 | N38: 36.1 | O38: 46.2 | P38: 94.8 | Q38: =SUM(M38:P38) -> 221.1 | R38: 61 | S38: 55.9 | T38: 73.6 | U38: =P38*(1+U39) -> 132.72 | V38: =SUM(R38:U38) -> 323.22 | W38: =R38*(1+W39) -> #REF! | X38: =S38*(1+X39) -> #REF! | Y38: =T38*(1+Y39) -> #REF! | Z38: =U38*(1+Z39) -> #REF! | AA38: =SUM(W38:Z38) -> #REF! | AB38: =W38*(1+AB39) -> #REF! | AC38: =X38*(1+AC39) -> #REF! | AD38: =Y38*(1+AD39) -> #REF! | AE38: =Z38*(1+AE39) -> #REF! | AF38: =SUM(AB38:AE38) -> #REF!
B39: y/y % | G39: =G38/B38-1 -> #VALUE! | H39: =H38/C38-1 -> #DIV/0! | I39: =I38/D38-1 -> #DIV/0! | J39: =J38/E38-1 -> #DIV/0! | K39: =K38/F38-1 -> #DIV/0! | L39: =L38/G38-1 -> #DIV/0! | M39: =M38/H38-1 -> #DIV/0! | N39: =N38/I38-1 -> #DIV/0! | ... T39: =T38/O38-1 -> 0.59307359 | U39: 0.4 | V39: =V38/Q38-1 -> 0.46187246 | W39: ='Scenario Drivers'!#REF! -> #REF! | X39: ='Scenario Drivers'!#REF! -> #REF! | Y39: ='Scenario Drivers'!#REF! -> #REF! | Z39: ='Scenario Drivers'!#REF! -> #REF! | AA39: =AA38/V38-1 -> #REF! | AB39: ='Scenario Drivers'!#REF! -> #REF! | AC39: ='Scenario Drivers'!#REF! -> #REF! | AD39: ='Scenario Drivers'!#REF! -> #REF! | AE39: ='Scenario Drivers'!#REF! -> #REF! | AF39: =AF38/AA38-1 -> #REF!
B40: Balance (Retail) | L40: =L58-L38-L36 -> 2916 | M40: =M58-M38-M36 -> 772.822 | N40: =N58-N38-N36 -> 789.299 | O40: =O58-O38-O36 -> 812.8 | P40: =P58-P38-P36 -> 1118.9 | Q40: =Q58-Q38-Q36 -> 3493.821 | R40: =R58-R38-R36 -> 953.816 | S40: =S58-S38-S36 -> 954.315 | T40: =T58-T38-T36 -> 997.2 | U40: =P40*(1+U41) -> 1342.68 | V40: =SUM(R40:U40) -> 4248.011 | W40: =R40*(1+W41) -> #REF! | X40: =S40*(1+X41) -> #REF! | Y40: =T40*(1+Y41) -> #REF! | Z40: =U40*(1+Z41) -> #REF! | AA40: =SUM(W40:Z40) -> #REF! | AB40: =W40*(1+AB41) -> #REF! | AC40: =X40*(1+AC41) -> #REF! | AD40: =Y40*(1+AD41) -> #REF! | AE40: =Z40*(1+AE41) -> #REF! | AF40: =SUM(AB40:AE40) -> #REF!
B41: y/y % | G41: =G40/B40-1 -> #VALUE! | H41: =H40/C40-1 -> #DIV/0! | I41: =I40/D40-1 -> #DIV/0! | J41: =J40/E40-1 -> #DIV/0! | K41: =K40/F40-1 -> #DIV/0! | L41: =L40/G40-1 -> #DIV/0! | M41: =M40/H40-1 -> #DIV/0! | N41: =N40/I40-1 -> #DIV/0! | ... T41: =T40/O40-1 -> 0.22687008 | U41: 0.2 | V41: =V40/Q40-1 -> 0.21586395 | W41: ='Scenario Drivers'!#REF! -> #REF! | X41: ='Scenario Drivers'!#REF! -> #REF! | Y41: ='Scenario Drivers'!#REF! -> #REF! | Z41: ='Scenario Drivers'!#REF! -> #REF! | AA41: =AA40/V40-1 -> #REF! | AB41: ='Scenario Drivers'!#REF! -> #REF! | AC41: ='Scenario Drivers'!#REF! -> #REF! | AD41: ='Scenario Drivers'!#REF! -> #REF! | AE41: ='Scenario Drivers'!#REF! -> #REF! | AF41: =AF40/AA40-1 -> #REF!
B42: 2-year stack | R42: =R30+M30 -> 0.266 | S42: =S30+N30 -> 0.245 | T42: =T30+O30 -> 0.295 | U42: =U30+P30 -> 0.265 | V42: =V30+Q30 -> 0.26790456 | W42: =W30+R30 -> 0.292 | X42: =X30+S30 -> 0.274 | Y42: =Y30+T30 -> 0.287 | ... AF42: =AF30+AA30 -> 0.20729107
B43: 3-year stack
B45: Same-Store Sales | L45: =G47*(1+L30) -> 2934.9597 | M45: =H47*(1+M30) -> 795.13978 | N45: =I47*(1+N30) -> 808.39384 | O45: =J47*(1+O30) -> 841.17442 | P45: =K47*(1+P30) -> 1178.5961 | Q45: =L47*(1+Q30) -> 3623.8852 | R45: =M47*(1+R30) -> 1000.0765 | S45: =N47*(1+S30) -> 1003.2869 | ... U45: =P47*(1+U30) -> 1445.862 | V45: =SUM(R45:U45) -> 4512.0123 | W45: =R45*(1+W30) -> 1140.0873 | X45: =S45*(1+X30) -> 1133.7141 | Y45: =T45*(1+Y30) -> 1190.3213 | Z45: =U45*(1+Z30) -> 1604.9068 | AA45: =SUM(W45:Z45) -> 5069.0296 | AB45: =W45*(1+AB30) -> 1254.096 | AC45: =X45*(1+AC30) -> 1235.7484 | AD45: =Y45*(1+AD30) -> 1285.547 | AE45: =Z45*(1+AE30) -> 1717.2503 | AF45: =SUM(AB45:AE45) -> 5492.6417
B46: New Store Sales | L46: =L47-L45 -> 306.44027 | M46: =M47-M45 -> 72.98222 | N46: =N47-N45 -> 68.605164 | O46: =O47-O45 -> 69.525584 | P46: =P47-P45 -> 89.703875 | Q46: =Q47-Q45 -> 300.2358 | R46: =R47-R45 -> 73.639456 | S46: =S47-S45 -> 65.928144 | T46: =T47-T45 -> 68.4131 | U46: =P46*(1+U48) -> 96.357159 | V46: =SUM(R46:U46) -> 304.33786 | W46: =R46*(1+W48) -> 79.623054 | X46: =S46*(1+X48) -> 71.674995 | Y46: =T46*(1+Y48) -> 73.840434 | Z46: =U46*(1+Z48) -> 103.24145 | AA46: =SUM(W46:Z46) -> 328.37994 | AB46: =W46*(1+AB48) -> 85.089605 | AC46: =X46*(1+AC48) -> 76.473844 | AD46: =Y46*(1+AD48) -> 78.664639 | AE46: =Z46*(1+AE48) -> 109.82715 | AF46: =SUM(AB46:AE46) -> 350.05524
B47: Net Sales | G47: =G58 -> 2670.573 | H47: =H58 -> 713.77 | I47: =I58 -> 734.236 | J47: =J58 -> 745.722 | K47: =K58 -> 1047.641 | L47: =L58 -> 3241.4 | M47: =M58 -> 868.122 | N47: =N58 -> 876.999 | ... T47: =T58 -> 1131.2 | U47: =SUM(U45:U46) -> 1542.2192 | V47: =SUM(R47:U47) -> 4816.3502 | W47: =SUM(W45:W46) -> 1219.7103 | X47: =SUM(X45:X46) -> 1205.3891 | Y47: =SUM(Y45:Y46) -> 1264.1618 | Z47: =SUM(Z45:Z46) -> 1708.1483 | AA47: =SUM(W47:Z47) -> 5397.4095 | AB47: =SUM(AB45:AB46) -> 1339.1856 | AC47: =SUM(AC45:AC46) -> 1312.2223 | AD47: =SUM(AD45:AD46) -> 1364.2117 | AE47: =SUM(AE45:AE46) -> 1827.0774 | AF47: =SUM(AB47:AE47) -> 5842.697
B48: New Store Sales Growth % | M48: =M46/H47 -> 0.10224893 | N48: =N46/I47 -> 0.093437483 | O48: =O46/J47 -> 0.093232577 | P48: =P46/K47 -> 0.085624632 | Q48: =Q46/L47 -> 0.092625347 | R48: =R46/M47 -> 0.08482616 | S48: =S46/N47 -> 0.075174708 | T48: =T46/O47 -> 0.075121445 | U48: =U49*U23 -> 0.07416942 | V48: =V46/Q47 -> 0.077555677 | W48: =W49*W23 -> 0.081255321 | X48: =X49*X23 -> 0.087168399 | Y48: =Y49*Y23 -> 0.079331801 | Z48: =Z49*Z23 -> 0.071445585 | AA48: =AA46/V47 -> 0.068180245 | AB48: =AB49*AB23 -> 0.068655381 | AC48: =AC49*AC23 -> 0.066952908 | AD48: =AD49*AD23 -> 0.065332825 | AE48: =AE49*AE23 -> 0.063789294 | AF48: =AF46/AA47 -> 0.064856157
B49: New Store Productivity % | M49: =M48/M23 -> 0.7321369 | N49: =N48/N23 -> 0.71585593 | O49: =O48/O23 -> 0.68864266 | P49: =P48/P23 -> 0.62773939 | Q49: =Q48/Q23 -> 0.68721607 | R49: =R48/R23 -> 0.7162961 | S49: =S48/S23 -> 0.69290686 | T49: =T48/T23 -> 0.71557094 | U49: 0.7 | V49: =V48/V23 -> 0.65822913 | W49: ='Scenario Drivers'!W13 -> 0.7 | X49: ='Scenario Drivers'!X13 -> 0.7 | Y49: ='Scenario Drivers'!Y13 -> 0.7 | Z49: ='Scenario Drivers'!Z13 -> 0.7 | AA49: =AA48/AA23 -> 0.64347488 | AB49: ='Scenario Drivers'!AB13 -> 0.675 | AC49: ='Scenario Drivers'!AC13 -> 0.675 | AD49: ='Scenario Drivers'!AD13 -> 0.675 | AE49: ='Scenario Drivers'!AE13 -> 0.675 | AF49: =AF48/AF23 -> 0.66196819
B51: STORE PROFITABILITY:
B52: Avg Store Size | G52: =G22/G14*1000 -> 10638.922 | H52: =H22/H14*1000 -> #DIV/0! | I52: =I22/I14*1000 -> #DIV/0! | J52: =J22/J14*1000 -> #DIV/0! | K52: =K22/K14*1000 -> #DIV/0! | L52: =L22/L14*1000 -> 10587.088 | M52: =M22/M14*1000 -> 10571.474 | N52: =N22/N14*1000 -> 10566.043 | ... T52: =T22/T14*1000 -> 10542.745 | U52: =T52 -> 10542.745 | V52: =V22/V14*1000 -> 10552.872 | W52: =U52 -> 10542.745 | X52: =W52 -> 10542.745 | Y52: =X52 -> 10542.745 | Z52: =Y52 -> 10542.745 | AA52: =AA22/AA14*1000 -> 10549.683 | AB52: =Z52 -> 10542.745 | AC52: =AB52 -> 10542.745 | AD52: =AC52 -> 10542.745 | AE52: =AD52 -> 10542.745 | AF52: =AF22/AF14*1000 -> 10549.064
B53: Sales/Store ($m) | G53: =G58/G14 -> 4.3601192 | H53: =H58/H14 -> #DIV/0! | I53: =I58/I14 -> #DIV/0! | J53: =J58/J14 -> #DIV/0! | K53: =K58/K14 -> #DIV/0! | L53: =L58/L14 -> 4.4739821 | M53: =M58/M14 -> 1.105184 | N53: =N58/N14 -> 1.0867398 | ... AF53: =AF58/AF14 -> 5.2166937
B54: Sales/SqFt | G54: =1000*(G58/G22) -> 409.82717 | H54: =1000*(H58/H22) -> 97.960546 | I54: =1000*(I58/I22) -> 97.348694 | J54: =1000*(J58/J22) -> 95.625494 | K54: =1000*(K58/K22) -> 130.07082 | L54: =1000*(L58/L22) -> 422.58855 | M54: =1000*(M58/M22) -> 104.54398 | N54: =1000*(N58/N22) -> 102.8521 | ... AF54: =1000*(AF58/AF22) -> 494.51723
B56: INCOME STATEMENT
B58: Net Sales | G58: 2670.573 | H58: 713.77 | I58: 734.236 | J58: 745.722 | K58: 1047.641 | L58: 3241.4 | M58: 868.122 | N58: 876.999 | O58: 910.7 | P58: 1268.3 | Q58: =SUM(M58:P58) -> 3924.121 | R58: 1073.716 | S58: 1069.215 | T58: 1131.2 | U58: =U47 -> 1542.2192 | V58: =SUM(R58:U58) -> 4816.3502 | W58: =W47 -> 1219.7103 | X58: =X47 -> 1205.3891 | Y58: =Y47 -> 1264.1618 | Z58: =Z47 -> 1708.1483 | AA58: =SUM(W58:Z58) -> 5397.4095 | AB58: =AB47 -> 1339.1856 | AC58: =AC47 -> 1312.2223 | AD58: =AD47 -> 1364.2117 | AE58: =AE47 -> 1827.0774 | AF58: =SUM(AB58:AE58) -> 5842.697
B59: (-) COGS | G59: 1729.325 | K59: 697.904 | L59: 2104.582 | M59: 564.938 | N59: 570.524 | O59: 575.062 | P59: 829.259 | Q59: =SUM(M59:P59) -> 2539.783 | R59: 683.286 | S59: 684.377 | T59: 704.179 | U59: =U58-U60 -> 987.02026 | V59: =SUM(R59:U59) -> 3058.8623 | W59: =W58-W60 -> 776.19313 | X59: =X58-X60 -> 771.53856 | Y59: =Y58-Y60 -> 786.94852 | Z59: =Z58-Z60 -> 1093.2149 | AA59: =SUM(W59:Z59) -> 3427.8951 | AB59: =AB58-AB60 -> 852.22421 | AC59: =AC58-AC60 -> 839.9197 | AD59: =AD58-AD60 -> 849.23021 | AE59: =AE58-AE60 -> 1169.3296 | AF59: =SUM(AB59:AE59) -> 3710.7037
B60: Gross Profit | G60: =G58-G59 -> 941.248 | H60: =H58-H59 -> 713.77 | I60: =I58-I59 -> 734.236 | J60: =J58-J59 -> 745.722 | K60: =K58-K59 -> 349.737 | L60: =L58-L59 -> 1136.818 | M60: =M58-M59 -> 303.184 | N60: =N58-N59 -> 306.475 | ... T60: =T58-T59 -> 427.021 | U60: =U58*U77 -> 555.1989 | V60: =SUM(R60:U60) -> 1757.4879 | W60: =W77*W58 -> 443.51719 | X60: =X77*X58 -> 433.85058 | Y60: =Y77*Y58 -> 477.21324 | Z60: =Z77*Z58 -> 614.93338 | AA60: =SUM(W60:Z60) -> 1969.5144 | AB60: =AB77*AB58 -> 486.96138 | AC60: =AC77*AC58 -> 472.30257 | AD60: =AD77*AD58 -> 514.98146 | AE60: =AE77*AE58 -> 657.74788 | AF60: =SUM(AB60:AE60) -> 2131.9933
B61: (-) SG&A | G61: 596.39 | K61: 210.702 | L61: 712 | M61: 192.485 | N61: 183.937 | O61: 218.763 | P61: 268.169 | Q61: =SUM(M61:P61) -> 863.354 | R61: 240.724 | S61: 236.38 | T61: 280.464 | U61: =U58*U85 -> 339.28822 | V61: =SUM(R61:U61) -> 1096.8562 | W61: =W58*W85 -> 273.4555 | X61: =X58*X85 -> 266.48512 | Y61: =Y58*Y85 -> 313.42987 | Z61: =Z58*Z85 -> 375.79262 | AA61: =SUM(W61:Z61) -> 1229.1631 | AB61: =AB58*AB85 -> 300.24151 | AC61: =AC58*AC85 -> 290.10358 | AD61: =AD58*AD85 -> 338.23573 | AE61: =AE58*AE85 -> 401.95704 | AF61: =SUM(AB61:AE61) -> 1330.5379
B62: (-) Pre-Opening Expenses | G62: 17.27 | K62: 1.568 | L62: 14.366 | M62: 3.117 | N62: 4.078 | O62: 6.106 | P62: 1.381 | Q62: =SUM(M62:P62) -> 14.682 | R62: 2.542 | S62: 4.689 | T62: 6.928 | U62: =U58*U86 -> 3.0844383 | V62: =SUM(R62:U62) -> 17.243438 | W62: =W58*W86 -> 2.8876385 | X62: =X58*X86 -> 5.2861863 | Y62: =Y58*Y86 -> 7.7423203 | Z62: =Z58*Z86 -> 3.4162965 | AA62: =SUM(W62:Z62) -> 19.332442 | AB62: =AB58*AB86 -> 3.1704937 | AC62: =AC58*AC86 -> 5.7546987 | AD62: =AD58*AD86 -> 8.3550729 | AE62: =AE58*AE86 -> 3.6541549 | AF62: =SUM(AB62:AE62) -> 20.93442
B63: EBIT | G63: =G60-G61-G62 -> 327.588 | H63: =H60-H61-H62 -> 713.77 | I63: =I60-I61-I62 -> 734.236 | J63: =J60-J61-J62 -> 745.722 | K63: =K60-K61-K62 -> 137.467 | L63: =L60-L61-L62 -> 410.452 | M63: =M60-M61-M62 -> 107.582 | N63: =N60-N61-N62 -> 118.46 | ... U63: =U60-U61-U62 -> 212.82624 | V63: =SUM(R63:U63) -> 643.38824 | W63: =W60-W61-W62 -> 167.17405 | X63: =X60-X61-X62 -> 162.07927 | Y63: =Y60-Y61-Y62 -> 156.04106 | Z63: =Z60-Z61-Z62 -> 235.72446 | AA63: =SUM(W63:Z63) -> 721.01884 | AB63: =AB60-AB61-AB62 -> 183.54938 | AC63: =AC60-AC61-AC62 -> 176.44429 | AD63: =AD60-AD61-AD62 -> 168.39066 | AE63: =AE60-AE61-AE62 -> 252.13669 | AF63: =SUM(AB63:AE63) -> 780.52102
B64: (+/-) Net interest | G64: -0.118 | K64: -0.231 | L64: -0.894 | M64: -0.311 | N64: -0.276 | O64: -0.283 | P64: -0.273 | Q64: =SUM(M64:P64) -> -1.143 | R64: -0.315 | S64: -0.248 | T64: -0.211 | U64: =T64 -> -0.211 | V64: =SUM(R64:U64) -> -0.985 | W64: =R64 -> -0.315 | X64: =S64 -> -0.248 | Y64: =T64 -> -0.211 | Z64: =U64 -> -0.211 | AA64: =SUM(W64:Z64) -> -0.985 | AB64: =W64 -> -0.315 | AC64: =X64 -> -0.248 | AD64: =Y64 -> -0.211 | AE64: =Z64 -> -0.211 | AF64: =SUM(AB64:AE64) -> -0.985
B65: EBT | G65: =G63-G64 -> 327.706 | H65: =H63-H64 -> 713.77 | I65: =I63-I64 -> 734.236 | J65: =J63-J64 -> 745.722 | K65: =K63-K64 -> 137.698 | L65: =L63-L64 -> 411.346 | M65: =M63-M64 -> 107.893 | N65: =N63-N64 -> 118.736 | ... U65: =U63-U64 -> 213.03724 | V65: =SUM(R65:U65) -> 644.37324 | W65: =W63-W64 -> 167.48905 | X65: =X63-X64 -> 162.32727 | Y65: =Y63-Y64 -> 156.25206 | Z65: =Z63-Z64 -> 235.93546 | AA65: =SUM(W65:Z65) -> 722.00384 | AB65: =AB63-AB64 -> 183.86438 | AC65: =AC63-AC64 -> 176.69229 | AD65: =AD63-AD64 -> 168.60166 | AE65: =AE63-AE64 -> 252.34769 | AF65: =SUM(AB65:AE65) -> 781.50602
B66: (-) Taxes | G66: 124.857 | K66: 50.434 | L66: 154.147 | M66: 40.947 | N66: 44.567 | O66: 39.982 | P66: 61.936 | Q66: =SUM(M66:P66) -> 187.432 | R66: 55.503 | S66: 54.013 | T66: 52.31 | U66: =U65*U90 -> 78.82378 | V66: =SUM(R66:U66) -> 240.64978 | W66: =W65*W90 -> 61.970947 | X66: =X65*X90 -> 60.061092 | Y66: =Y65*Y90 -> 57.813261 | Z66: =Z65*Z90 -> 87.296121 | AA66: =SUM(W66:Z66) -> 267.14142 | AB66: =AB65*AB90 -> 68.029821 | AC66: =AC65*AC90 -> 65.376148 | AD66: =AD65*AD90 -> 62.382613 | AE66: =AE65*AE90 -> 93.368645 | AF66: =SUM(AB66:AE66) -> 289.15723
B67: Net Income | G67: =G65-G66 -> 202.849 | H67: =H65-H66 -> 713.77 | I67: =I65-I66 -> 734.236 | J67: =J65-J66 -> 745.722 | K67: =K65-K66 -> 87.264 | L67: =L65-L66 -> 257.199 | M67: =M65-M66 -> 66.946 | N67: =N65-N66 -> 74.169 | ... U67: =U65-U66 -> 134.21346 | V67: =SUM(R67:U67) -> 403.72346 | W67: =W65-W66 -> 105.5181 | X67: =X65-X66 -> 102.26618 | Y67: =Y65-Y66 -> 98.438795 | Z67: =Z65-Z66 -> 148.63934 | AA67: =SUM(W67:Z67) -> 454.86242 | AB67: =AB65-AB66 -> 115.83456 | AC67: =AC65-AC66 -> 111.31614 | AD67: =AD65-AD66 -> 106.21904 | AE67: =AE65-AE66 -> 158.97904 | AF67: =SUM(AB67:AE67) -> 492.34879
B68: Diluted Shares Out | G68: 64.461 | K68: 64.657 | L68: 64.651 | M68: 64.555 | N68: 64.41 | O68: 64.196 | P68: 63.967 | Q68: =AVERAGE(M68:P68) -> 64.282 | R68: 63.335 | S68: 62.813 | T68: 62.692 | U68: =T68 -> 62.692 | V68: =AVERAGE(R68:U68) -> 62.883 | W68: =U68 -> 62.692 | X68: =W68 -> 62.692 | Y68: =X68 -> 62.692 | Z68: =Y68 -> 62.692 | AA68: =AVERAGE(W68:Z68) -> 62.692 | AB68: =AA68 -> 62.692 | AC68: =AB68 -> 62.692 | AD68: =AC68 -> 62.692 | AE68: =AD68 -> 62.692 | AF68: =AVERAGE(AB68:AE68) -> 62.692
B69: Earnings per Share | G69: =G67/G68 -> 3.1468485 | K69: =K67/K68 -> 1.3496451 | L69: =L67/L68 -> 3.9782679 | M69: =M67/M68 -> 1.0370382 | N69: =N67/N68 -> 1.1515137 | O69: =O67/O68 -> 1.1070783 | P69: =P67/P68 -> 1.6856817 | Q69: =SUM(M69:P69) -> 4.9813119 | R69: =R67/R68 -> 1.4522144 | S69: =S67/S68 -> 1.4328881 | T69: =T67/T68 -> 1.3961909 | U69: =U67/U68 -> 2.1408388 | V69: =SUM(R69:U69) -> 6.4221322 | W69: =W67/W68 -> 1.683119 | X69: =X67/X68 -> 1.6312477 | Y69: =Y67/Y68 -> 1.5701971 | Z69: =Z67/Z68 -> 2.3709459 | AA69: =SUM(W69:Z69) -> 7.2555098 | AB69: =AB67/AB68 -> 1.8476769 | AC69: =AC67/AC68 -> 1.7756036 | AD69: =AD67/AD68 -> 1.6942998 | AE69: =AE67/AE68 -> 2.5358745 | AF69: =SUM(AB69:AE69) -> 7.8534549
B72: EBITDA | G72: =G63+G143 -> 433.871 | H72: =H63+H143 -> 713.77 | I72: =I63+I143 -> 734.236 | J72: =J63+J143 -> 745.722 | K72: =K63+K143 -> 137.467 | L72: =L63+L143 -> 542.216 | M72: =M63+M143 -> 145.549 | N72: =N63+N143 -> 157.231 | ... AF72: =AF63+AF143 -> 1031.9383
B73: FCF (CFO - Capex) | G73: =G159+G161 -> 83.108 | H73: =H159+H161 -> 713.77 | I73: =I159+I161 -> 734.236 | J73: =J159+J161 -> 745.722 | K73: =K159+K161 -> 87.264 | L73: =L159+L161 -> 147.589 | M73: =M159+M161 -> 11.672 | N73: =N159+N161 -> 250.52 | ... AF73: =AF159+AF161 -> 260.79577
B74: FCF/Share | G74: =G73/G68 -> 1.2892757 | H74: =H73/H68 -> #DIV/0! | I74: =I73/I68 -> #DIV/0! | J74: =J73/J68 -> #DIV/0! | K74: =K73/K68 -> 1.3496451 | L74: =L73/L68 -> 2.2828572 | M74: =M73/M68 -> 0.18080706 | N74: =N73/N68 -> 3.8894582 | ... AF74: =AF73/AF68 -> 4.159953
B76: Margins %
B77: Gross Margin % | G77: =G60/G58 -> 0.3524517 | H77: =H60/H58 -> 1 | I77: =I60/I58 -> 1 | J77: =J60/J58 -> 1 | K77: =K60/K58 -> 0.33383287 | L77: =L60/L58 -> 0.35071821 | M77: =M60/M58 -> 0.34924124 | N77: =N60/N58 -> 0.34945878 | ... T77: =T60/T58 -> 0.37749381 | U77: 0.36 | V77: =V60/V58 -> 0.36490036 | W77: ='Scenario Drivers'!W18 -> 0.36362502 | X77: ='Scenario Drivers'!X18 -> 0.35992574 | Y77: ='Scenario Drivers'!Y18 -> 0.37749381 | Z77: ='Scenario Drivers'!Z18 -> 0.36 | AA77: =AA60/AA58 -> 0.36489994 | AB77: ='Scenario Drivers'!AB18 -> 0.36362502 | AC77: ='Scenario Drivers'!AC18 -> 0.35992574 | AD77: ='Scenario Drivers'!AD18 -> 0.37749381 | AE77: ='Scenario Drivers'!AE18 -> 0.36 | AF77: =AF60/AF58 -> 0.36489883
B78: EBIT Margin % | G78: =G63/G58 -> 0.12266581 | H78: =H63/H58 -> 1 | I78: =I63/I58 -> 1 | J78: =J63/J58 -> 1 | K78: =K63/K58 -> 0.13121575 | L78: =L63/L58 -> 0.126628 | M78: =M63/M58 -> 0.12392498 | N78: =N63/N58 -> 0.13507427 | ... AF78: =AF63/AF58 -> 0.13358917
B79: Incremental Gross Margin % | L79: =(L60-G60)/(L58-G58) -> 0.34260818 | M79: =(M60-H60)/(M58-H58) -> -2.6600627 | N79: =(N60-I60)/(N58-I58) -> -2.9963016 | O79: =(O60-J60)/(O58-J58) -> -2.485689 | P79: =(P60-K60)/(P58-K58) -> 0.40471497 | Q79: =(Q60-L60)/(Q58-L58) -> 0.36254927 | R79: =(R60-M60)/(R58-M58) -> 0.42436063 | S79: =(S60-N60)/(S58-N58) -> 0.40768198 | ... AF79: =(AF60-AA60)/(AF58-AA58) -> 0.36488543
B80: Incremental EBIT Margin % | L80: =(L63-G63)/(L58-G58) -> 0.14516482 | M80: =(M63-H63)/(M58-H58) -> -3.927309 | N80: =(N63-I63)/(N58-I58) -> -4.3132744 | O80: =(O63-J63)/(O58-J58) -> -3.8487132 | P80: =(P63-K63)/(P58-K58) -> 0.14512891 | Q80: =(Q63-L63)/(Q58-L58) -> 0.1403941 | R80: =(R63-M63)/(R58-M58) -> 0.19252507 | S80: =(S63-N63)/(S58-N58) -> 0.13166958 | ... AF80: =(AF63-AA63)/(AF58-AA58) -> 0.13362644
B81: EBITDA Margin % | G81: =G72/G58 -> 0.16246364 | H81: =H72/H58 -> 1 | I81: =I72/I58 -> 1 | J81: =J72/J58 -> 1 | K81: =K72/K58 -> 0.13121575 | L81: =L72/L58 -> 0.16727834 | M81: =M72/M58 -> 0.16765961 | N81: =N72/N58 -> 0.17928299 | ... AF81: =AF72/AF58 -> 0.1766202
B82: FCF Conversion % | G82: =G73/G67 -> 0.40970377 | H82: =H73/H67 -> 1 | I82: =I73/I67 -> 1 | J82: =J73/J67 -> 1 | K82: =K73/K67 -> 1 | L82: =L73/L67 -> 0.57383194 | M82: =M73/M67 -> 0.17434948 | N82: =N73/N67 -> 3.3776915 | ... AF82: =AF73/AF67 -> 0.52969719
B84: % of Sales
B85: SG&A/Sales % | G85: =G61/G58 -> 0.22331912 | H85: =H61/H58 -> 0 | I85: =I61/I58 -> 0 | J85: =J61/J58 -> 0 | K85: =K61/K58 -> 0.20112042 | L85: =L61/L58 -> 0.21965817 | M85: =M61/M58 -> 0.22172575 | N85: =N61/N58 -> 0.20973456 | ... T85: =T61/T58 -> 0.24793494 | U85: 0.22 | V85: =V61/V58 -> 0.22773598 | W85: ='Scenario Drivers'!W23 -> 0.22419709 | X85: ='Scenario Drivers'!X23 -> 0.22107808 | Y85: ='Scenario Drivers'!Y23 -> 0.24793494 | Z85: ='Scenario Drivers'!Z23 -> 0.22 | AA85: =AA61/AA58 -> 0.22773205 | AB85: ='Scenario Drivers'!AB23 -> 0.22419709 | AC85: ='Scenario Drivers'!AC23 -> 0.22107808 | AD85: ='Scenario Drivers'!AD23 -> 0.24793494 | AE85: ='Scenario Drivers'!AE23 -> 0.22 | AF85: =AF61/AF58 -> 0.22772666
B86: Pre-Opening/Sales % | G86: =G62/G58 -> 0.006466777 | H86: =H62/H58 -> 0 | I86: =I62/I58 -> 0 | J86: =J62/J58 -> 0 | K86: =K62/K58 -> 0.0014966959 | L86: =L62/L58 -> 0.0044320355 | M86: =M62/M58 -> 0.0035905092 | N86: =N62/N58 -> 0.0046499483 | ... T86: =T62/T58 -> 0.0061244696 | U86: 0.002 | V86: =V62/V58 -> 0.0035801878 | W86: =R86 -> 0.0023674789 | X86: =S86 -> 0.0043854604 | Y86: =T86 -> 0.0061244696 | Z86: =U86 -> 0.002 | AA86: =AA62/AA58 -> 0.0035818 | AB86: =W86 -> 0.0023674789 | AC86: =X86 -> 0.0043854604 | AD86: =Y86 -> 0.0061244696 | AE86: =Z86 -> 0.002 | AF86: =AF62/AF58 -> 0.0035830063
B87: D&A/Sales % | L87: =L143/L58 -> 0.040650336 | M87: =M143/M58 -> 0.043734636 | N87: =N143/N58 -> 0.044208716 | O87: =O143/O58 -> 0.046462062 | P87: =P143/P58 -> 0.036267445 | Q87: =Q143/Q58 -> 0.04206012 | R87: =R143/R58 -> 0.044599317 | S87: =S143/S58 -> 0.046449966 | T87: =T143/T58 -> 0.047261315 | U87: =P87 -> 0.036267445 | V87: =V143/V58 -> 0.042967463 | W87: =R87 -> 0.044599317 | X87: =S87 -> 0.046449966 | Y87: =T87 -> 0.047261315 | Z87: =U87 -> 0.036267445 | AA87: =AA143/AA58 -> 0.042999267 | AB87: =W87 -> 0.044599317 | AC87: =X87 -> 0.046449966 | AD87: =Y87 -> 0.047261315 | AE87: =Z87 -> 0.036267445 | AF87: =AF143/AF58 -> 0.043031037
B88: Capex/Sales % | L88: =-L161/L58 -> 0.076839329 | M88: =-M161/M58 -> 0.065223552 | N88: =-N161/N58 -> -0.22102648 | O88: =-O161/O58 -> 0.40532228 | P88: =-P161/P58 -> 0.05303004 | Q88: =-Q161/Q58 -> 0.076237965 | R88: =-R161/R58 -> 0.05059159 | S88: =-S161/S58 -> 0.089106494 | ... V88: =-V161/V58 -> 0.080974179 | W88: =R88 -> 0.05059159 | X88: =S88 -> 0.089106494 | Y88: =T88 -> 0.11634371 | Z88: =U88 -> 0.070545745 | AA88: =-AA161/AA58 -> 0.080908247 | AB88: =W88 -> 0.05059159 | AC88: =X88 -> 0.089106494 | AD88: =Y88 -> 0.11634371 | AE88: =Z88 -> 0.070545745 | AF88: =-AF161/AF58 -> 0.08083408
B89: Capex/D&A % | L89: =-L161/L143 -> 1.8902508 | M89: =-M161/M143 -> 1.4913477 | N89: =-N161/N143 -> -4.9996131 | O89: =-O161/O143 -> 8.7237256 | P89: =-P161/P143 -> 1.462194 | Q89: =-Q161/Q143 -> 1.812595 | R89: =-R161/R143 -> 1.134358 | S89: =-S161/S143 -> 1.9183328 | ... AF89: =-AF161/AF143 -> 1.8785064
B90: Effective Tax Rate % | G90: =G66/G65 -> 0.38100309 | H90: =H66/H65 -> 0 | I90: =I66/I65 -> 0 | J90: =J66/J65 -> 0 | K90: =K66/K65 -> 0.36626531 | L90: =L66/L65 -> 0.37473806 | M90: =M66/M65 -> 0.37951489 | N90: =N66/N65 -> 0.3753453 | ... T90: =T66/T65 -> 0.37407037 | U90: 0.37 | V90: =V66/V65 -> 0.37346333 | W90: 0.37 | X90: 0.37 | Y90: 0.37 | Z90: 0.37 | AA90: =AA66/AA65 -> 0.37 | AB90: 0.37 | AC90: 0.37 | AD90: 0.37 | AE90: 0.37 | AF90: =AF66/AF65 -> 0.37
B92: Growth y/y %
B93: Revenue % | L93: =L58/G58-1 -> 0.21374701 | M93: =M58/H58-1 -> 0.21624893 | N93: =N58/I58-1 -> 0.19443748 | O93: =O58/J58-1 -> 0.22123258 | P93: =P58/K58-1 -> 0.21062463 | Q93: =Q58/L58-1 -> 0.21062535 | R93: =R58/M58-1 -> 0.23682616 | S93: =S58/N58-1 -> 0.21917471 | ... AF93: =AF58/AA58-1 -> 0.082500223
B94: Gross Profit | L94: =L60/G60-1 -> 0.20777733 | M94: =M60/H60-1 -> -0.57523572 | N94: =N60/I60-1 -> -0.58259334 | O94: =O60/J60-1 -> -0.54991538 | P94: =P60/K60-1 -> 0.25534616 | Q94: =Q60/L60-1 -> 0.21773054 | R94: =R60/M60-1 -> 0.28776585 | S94: =S60/N60-1 -> 0.25569133 | ... AF94: =AF60/AA60-1 -> 0.082496943
B95: EBIT | L95: =L63/G63-1 -> 0.25295188 | M95: =M63/H63-1 -> -0.84927638 | N95: =N63/I63-1 -> -0.83866223 | O95: =O63/J63-1 -> -0.85146073 | P95: =P63/K63-1 -> 0.23295773 | Q95: =Q63/L63-1 -> 0.23352304 | R95: =R63/M63-1 -> 0.367924 | S95: =S63/N63-1 -> 0.21365018 | ... AF95: =AF63/AA63-1 -> 0.082525139
B96: EBITDA | L96: =L72/G72-1 -> 0.24971708 | M96: =M72/H72-1 -> -0.79608417 | N96: =N72/I72-1 -> -0.78585768 | O96: =O72/J72-1 -> -0.79471975 | P96: =P72/K72-1 -> 0.56756894 | Q96: =Q72/L72-1 -> 0.23816154 | R96: =R72/M72-1 -> 0.34010539 | S96: =S72/N72-1 -> 0.23025358 | ... AF96: =AF72/AA72-1 -> 0.082713828
B97: EPS | L97: =L69/G69-1 -> 0.26420702 | M97: =M69/H69-1 -> #DIV/0! | N97: =N69/I69-1 -> #DIV/0! | O97: =O69/J69-1 -> #DIV/0! | P97: =P69/K69-1 -> 0.24898149 | Q97: =Q69/L69-1 -> 0.25213083 | R97: =R69/M69-1 -> 0.40034807 | S97: =S69/N69-1 -> 0.24435171 | ... AF97: =AF69/AA69-1 -> 0.082412553
B98: FCF | L98: =L73/G73-1 -> 0.77586995 | M98: =M73/H73-1 -> -0.98364739 | N98: =N73/I73-1 -> -0.6588018 | O98: =O73/J73-1 -> -1.4628105 | P98: =P73/K73-1 -> 0.82950587 | Q98: =Q73/L73-1 -> -0.48023227 | R98: =R73/M73-1 -> 8.6477039 | S98: =S73/N73-1 -> -1.1699585 | ... AF98: =AF73/AA73-1 -> 0.12206304
B100: Return Metrics
B101: ROE | G101: =G67/G128 -> 0.20222332 | H101: =H67/H128 -> #DIV/0! | I101: =I67/I128 -> #DIV/0! | J101: =J67/J128 -> #DIV/0! | K101: =K67/K128 -> 0.069950598 | L101: =L67/L128 -> 0.20617006 | M101: =M67/M128*4 -> 0.2055158 | N101: =N67/N128*4 -> 0.22077573 | O101: =O67/O128*4 -> 0.20687562 | P101: =P67/P128*4 -> 0.29892313 | Q101: =Q67/Q128 -> 0.22178675 | R101: =R67/R128*4 -> 0.27878105 | S101: =S67/S128*4 -> 0.25864389 | T101: =T67/T128*4 -> 0.24111553 | U101: =U67/U128*4 -> 0.33767675 | V101: =V67/V128 -> 0.25393881 | W101: =W67/W128*4 -> 0.24836794 | X101: =X67/X128*4 -> 0.22644152 | Y101: =Y67/Y128*4 -> 0.20612524 | Z101: =Z67/Z128*4 -> 0.28827598 | AA101: =AA67/AA128 -> 0.22054375 | AB101: =AB67/AB128*4 -> 0.21231517 | AC101: =AC67/AC128*4 -> 0.19372203 | AD101: =AD67/AD128*4 -> 0.17629485 | AE101: =AE67/AE128*4 -> 0.2471921 | AF101: =AF67/AF128 -> 0.19138486
B102: ROIC | G102: =(G63-G66)/G128 -> 0.20210569 | H102: =(H63-H66)/H128 -> #DIV/0! | I102: =(I63-I66)/I128 -> #DIV/0! | J102: =(J63-J66)/J128 -> #DIV/0! | K102: =(K63-K66)/K128 -> 0.069765429 | L102: =(L63-L66)/L128 -> 0.20545343 | M102: =(M63-M66)/M128*4 -> 0.20456107 | N102: =(N63-N66)/N128*4 -> 0.21995417 | O102: =(O63-O66)/O128*4 -> 0.20605185 | P102: =(P63-P66)/P128*4 -> 0.29816631 | Q102: =(Q63-Q66)/Q128 -> 0.22099459 | R102: =(R63-R66)/R128*4 -> 0.27782627 | S102: =(S63-S66)/S128*4 -> 0.25793121 | T102: =(T63-T66)/T128*4 -> 0.24053429 | U102: =(U63-U66)/U128*4 -> 0.33714588 | V102: =(V63-V66)/V128 -> 0.25331925 | W102: =(W63-W66)/W128*4 -> 0.2476265 | X102: =(X63-X66)/X128*4 -> 0.22589239 | Y102: =(Y63-Y66)/Y128*4 -> 0.20568342 | Z102: =(Z63-Z66)/Z128*4 -> 0.28786676 | AA102: =(AA63-AA66)/AA128 -> 0.22006617 | AB102: =(AB63-AB66)/AB128*4 -> 0.2117378 | AC102: =(AC63-AC66)/AC128*4 -> 0.19329044 | AD102: =(AD63-AD66)/AD128*4 -> 0.17594465 | AE102: =(AE63-AE66)/AE128*4 -> 0.24686402 | AF102: =(AF63-AF66)/AF128 -> 0.19100198
B104: BALANCE SHEET
B106: Cash/Equivalents | K106: 389.149 | L106: =K106 -> 389.149 | M106: 386 | N106: 325.214 | O106: 209.552 | P106: =Q106 -> 345.84 | Q106: 345.84 | R106: 239.25 | S106: 194.084 | T106: 133.108 | U106: =U175 -> 255.64086 | V106: =U106 -> 255.64086 | W106: =W175 -> 372.5717 | X106: =X175 -> 386.11348 | Y106: =Y175 -> 360.46555 | Z106: =Z175 -> 498.4171 | AA106: =Z106 -> 498.4171 | AB106: =AB175 -> 628.64821 | AC106: =AC175 -> 644.99638 | AD106: =AD175 -> 619.36998 | AE106: =AE175 -> 769.56387 | AF106: =AE106 -> 769.56387
B107: Short-term Investments | K107: 150.21 | L107: =K107 -> 150.21 | M107: 150.2 | N107: 150.209 | O107: 150.2 | P107: =Q107 -> 130 | Q107: 130 | R107: 130 | S107: 110 | T107: 110 | U107: =T107 -> 110 | V107: =U107 -> 110 | W107: =V107 -> 110 | X107: =W107 -> 110 | Y107: =X107 -> 110 | Z107: =Y107 -> 110 | AA107: =Z107 -> 110 | AB107: =AA107 -> 110 | ... AF107: =AE107 -> 110
B108: Accounts Receivable | K108: 52.44 | L108: =K108 -> 52.44 | M108: 43.558 | N108: 45.277 | O108: 50.939 | P108: =Q108 -> 64.992 | Q108: 64.992 | R108: 54.112 | S108: 56 | T108: 65.71 | U108: =U132*U58/91 -> 79.028548 | V108: =U108 -> 79.028548 | W108: =W132*W58/91 -> 61.469667 | X108: =X132*X58/91 -> 63.132103 | Y108: =Y132*Y58/91 -> 73.433583 | Z108: =Z132*Z58/91 -> 87.53132 | AA108: =Z108 -> 87.53132 | AB108: =AB132*AB58/91 -> 67.490855 | AC108: =AC132*AC58/91 -> 68.727475 | AD108: =AD132*AD58/91 -> 79.245358 | AE108: =AE132*AE58/91 -> 93.625655 | AF108: =AE108 -> 93.625655
B109: Inventory | K109: 581.229 | L109: =K109 -> 581.229 | M109: 662.936 | N109: 705.66 | O109: 884.4 | P109: =Q109 -> 761.793 | Q109: 761.793 | R109: 843.49 | S109: 930.205 | T109: 1137.023 | U109: =U133*U59/91 -> 906.71928 | V109: =U109 -> 906.71928 | W109: =W133*W59/91 -> 958.18024 | X109: =X133*X59/91 -> 1048.675 | Y109: =Y133*Y59/91 -> 1270.6692 | Z109: =Z133*Z59/91 -> 1004.2742 | AA109: =Z109 -> 1004.2742 | AB109: =AB133*AB59/91 -> 1052.0376 | AC109: =AC133*AC59/91 -> 1141.6186 | AD109: =AD133*AD59/91 -> 1371.2341 | AE109: =AE133*AE59/91 -> 1074.1965 | AF109: =AE109 -> 1074.1965
B110: Prepaid/other | K110: 66.548 | L110: =K110 -> 66.548 | M110: 61.725 | N110: 67.076 | O110: 70.467 | P110: =Q110 -> 72.548 | Q110: 72.548 | R110: 71.56 | S110: 82.72 | T110: 85.611 | U110: =U136*U58 -> 88.216444 | V110: =U110 -> 88.216444 | W110: =W136*W58 -> 81.29009 | X110: =X136*X58 -> 93.255136 | Y110: =Y136*Y58 -> 95.673756 | Z110: =Z136*Z58 -> 97.707751 | AA110: =Z110 -> 97.707751 | AB110: =AB136*AB58 -> 89.252764 | AC110: =AC136*AC58 -> 101.5203 | AD110: =AD136*AD58 -> 103.24569 | AE110: =AE136*AE58 -> 104.51062 | AF110: =AE110 -> 104.51062
B111: Prepaid income taxes | K111: 0 | L111: =K111 -> 0 | M111: 0 | N111: 1.883 | O111: 2.133 | P111: =Q111 -> 0 | Q111: 0 | R111: 0 | S111: 3.07 | T111: 7 | U111: =T111 -> 7 | V111: =U111 -> 7 | W111: =V111 -> 7 | X111: =W111 -> 7 | Y111: =X111 -> 7 | Z111: =Y111 -> 7 | AA111: =Z111 -> 7 | AB111: =AA111 -> 7 | ... AF111: =AE111 -> 7
B112: Deferred taxes | K112: 20.78 | L112: =K112 -> 20.78 | M112: 20.766 | N112: 20.766 | O112: 20.483 | P112: =Q112 -> 0 | Q112: 0 | R112: 0 | S112: 0 | T112: 0 | U112: =T112 -> 0 | V112: =U112 -> 0 | W112: =V112 -> 0 | X112: =W112 -> 0 | Y112: =X112 -> 0 | Z112: =Y112 -> 0 | AA112: =Z112 -> 0 | AB112: =AA112 -> 0 | ... AF112: =AE112 -> 0
B113: Current Assets | G113: =SUM(G106:G112) -> 0 | H113: =SUM(H106:H112) -> 0 | I113: =SUM(I106:I112) -> 0 | J113: =SUM(J106:J112) -> 0 | K113: =SUM(K106:K112) -> 1260.356 | L113: =K113 -> 1260.356 | M113: =SUM(M106:M112) -> 1325.185 | N113: =SUM(N106:N112) -> 1316.085 | O113: =SUM(O106:O112) -> 1388.174 | P113: =SUM(P106:P112) -> 1375.173 | Q113: =SUM(Q106:Q112) -> 1375.173 | R113: =SUM(R106:R112) -> 1338.412 | S113: =SUM(S106:S112) -> 1376.079 | T113: =SUM(T106:T112) -> 1538.452 | U113: =SUM(U106:U112) -> 1446.6051 | V113: =U113 -> 1446.6051 | W113: =SUM(W106:W112) -> 1590.5117 | X113: =SUM(X106:X112) -> 1708.1757 | Y113: =SUM(Y106:Y112) -> 1917.2421 | Z113: =SUM(Z106:Z112) -> 1804.9304 | AA113: =Z113 -> 1804.9304 | AB113: =SUM(AB106:AB112) -> 1954.4295 | AC113: =SUM(AC106:AC112) -> 2073.8627 | AD113: =SUM(AD106:AD112) -> 2290.0952 | AE113: =SUM(AE106:AE112) -> 2158.8966 | AF113: =AE113 -> 2158.8966
B115: Net PP&E | K115: 717.159 | L115: =K115 -> 717.159 | M115: 744.665 | N115: 791.904 | O115: 844.238 | P115: =Q115 -> 847.6 | Q115: 847.6 | R115: 870.835 | S115: 919.597 | T115: 1001.938 | U115: =T115-U161-U143 -> 1054.8027 | V115: =U115 -> 1054.8027 | W115: =V115-W161-W143 -> 1062.1115 | X115: =W115-X161-X143 -> 1113.5292 | Y115: =X115-Y161-Y143 -> 1200.8605 | Z115: =Y115-Z161-Z143 -> 1259.4129 | AA115: =Z115 -> 1259.4129 | AB115: =AA115-AB161-AB143 -> 1267.4377 | AC115: =AB115-AC161-AC143 -> 1323.4126 | AD115: =AC115-AD161-AD143 -> 1417.6556 | AE115: =AD115-AE161-AE143 -> 1480.2847 | AF115: =AE115 -> 1480.2847
B116: Deferred comp plan | K116: 5.656 | L116: =K116 -> 5.656 | M116: 8.085 | N116: 7.921 | O116: 7.57 | P116: =Q116 -> 8.145 | Q116: 8.145 | R116: 9.698 | S116: 10.11 | T116: 10.798 | U116: =T116 -> 10.798 | V116: =U116 -> 10.798 | W116: =V116 -> 10.798 | X116: =W116 -> 10.798 | Y116: =X116 -> 10.798 | Z116: =Y116 -> 10.798 | AA116: =Z116 -> 10.798 | AB116: =AA116 -> 10.798 | ... AF116: =AE116 -> 10.798
B117: Total Assets | G117: 1602.727 | H117: =SUM(H113:H116) -> 0 | I117: =SUM(I113:I116) -> 0 | J117: =SUM(J113:J116) -> 0 | K117: =SUM(K113:K116) -> 1983.171 | L117: =K117 -> 1983.171 | M117: =SUM(M113:M116) -> 2077.935 | N117: =SUM(N113:N116) -> 2115.91 | O117: =SUM(O113:O116) -> 2239.982 | P117: =SUM(P113:P116) -> 2230.918 | Q117: =SUM(Q113:Q116) -> 2230.918 | R117: =SUM(R113:R116) -> 2218.945 | S117: =SUM(S113:S116) -> 2305.786 | T117: =SUM(T113:T116) -> 2551.188 | U117: =SUM(U113:U116) -> 2512.2058 | V117: =U117 -> 2512.2058 | W117: =SUM(W113:W116) -> 2663.4212 | X117: =SUM(X113:X116) -> 2832.5029 | Y117: =SUM(Y113:Y116) -> 3128.9006 | Z117: =SUM(Z113:Z116) -> 3075.1414 | AA117: =Z117 -> 3075.1414 | AB117: =SUM(AB113:AB116) -> 3232.6652 | AC117: =SUM(AC113:AC116) -> 3408.0733 | AD117: =SUM(AD113:AD116) -> 3718.5487 | AE117: =SUM(AE113:AE116) -> 3649.9793 | AF117: =AE117 -> 3649.9793
B119: Accounts Payable | K119: 190.778 | L119: =K119 -> 190.778 | M119: 209.509 | N119: 215.72 | O119: 291.269 | P119: =Q119 -> 196.174 | Q119: 196.174 | R119: 266.278 | S119: 285.238 | T119: 425.07 | U119: =U134*U59/91 -> 233.49486 | V119: =U119 -> 233.49486 | W119: =W134*W59/91 -> 302.4841 | X119: =X134*X59/91 -> 321.56562 | Y119: =Y134*Y59/91 -> 475.03292 | Z119: =Z134*Z59/91 -> 258.61684 | AA119: =Z119 -> 258.61684 | AB119: =AB134*AB59/91 -> 332.11358 | AC119: =AC134*AC59/91 -> 350.06585 | AD119: =AD134*AD59/91 -> 512.62859 | AE119: =AE134*AE59/91 -> 276.62294 | AF119: =AE119 -> 276.62294
B120: Accrued Liabilities | K120: 149.412 | L120: =K120 -> 149.412 | M120: 139.284 | N120: 154.494 | O120: 166.7 | P120: =Q120 -> 187.35 | Q120: 187.35 | R120: 179.3 | S120: 205.918 | T120: 229.569 | U120: =U137*U59 -> 222.99215 | V120: =U120 -> 222.99215 | W120: =W137*W59 -> 203.67961 | X120: =X137*X59 -> 232.14351 | Y120: =Y137*Y59 -> 256.55264 | Z120: =Z137*Z59 -> 246.98413 | AA120: =Z120 -> 246.98413 | AB120: =AB137*AB59 -> 223.63081 | AC120: =AC137*AC59 -> 252.71829 | AD120: =AD137*AD59 -> 276.85706 | AE120: =AE137*AE59 -> 264.1803 | AF120: =AE120 -> 264.1803
B121: Accrued Taxes | K121: 19.4 | L121: =K121 -> 19.4 | M121: 34.871 | N121: 0 | O121: 0 | P121: =Q121 -> 12.702 | Q121: 12.702 | R121: 50.156 | S121: 1.089 | T121: 0 | U121: =T121 -> 0 | V121: =U121 -> 0 | W121: =V121 -> 0 | X121: =W121 -> 0 | Y121: =X121 -> 0 | Z121: =Y121 -> 0 | AA121: =Z121 -> 0 | AB121: =AA121 -> 0 | ... AF121: =AE121 -> 0
...

Sheet Scenario Drivers
B2: ULTA | C2: =D2-1 -> 2009 | D2: =E2-1 -> 2010 | E2: =F2-1 -> 2011 | F2: =G2-1 -> 2012 | G2: 2013 | H2: 1Q | I2: 2Q | J2: 3Q | K2: 4Q | L2: =G2+1 -> 2014 | M2: 1Q | N2: 2Q | O2: 3Q | P2: 4Q | Q2: =L2+1 -> 2015 | R2: 1QA | S2: 2QA | T2: 3QA | U2: 4QE | V2: 2016E | W2: 1QE | X2: 2QE | Y2: 3QE | Z2: 4QE | AA2: 2017E | AB2: 1QE | AC2: 2QE | AD2: 3QE | AE2: 4QE | AF2: 2018E
B3: Scenario Drivers
B5: CASE TOGGLE:
B6: 2
B8: SSS Growth % | G8: =Model!G30 -> 0.079 | H8: =Model!H30 -> 0 | I8: =Model!I30 -> 0 | J8: =Model!J30 -> 0 | K8: =Model!K30 -> 0 | L8: =Model!L30 -> 0.099 | M8: =Model!M30 -> 0.114 | N8: =Model!N30 -> 0.101 | ... V8: =Model!V30 -> 0.14990456 | W8: =CHOOSE(CASE,W9,W10,W11) -> 0.14 | X8: =CHOOSE(CASE,X9,X10,X11) -> 0.13 | Y8: =CHOOSE(CASE,Y9,Y10,Y11) -> 0.12 | Z8: =CHOOSE(CASE,Z9,Z10,Z11) -> 0.11 | AA8: =Model!AA30 -> 0.12358813 | AB8: =CHOOSE(CASE,AB9,AB10,AB11) -> 0.1 | AC8: =CHOOSE(CASE,AC9,AC10,AC11) -> 0.09 | AD8: =CHOOSE(CASE,AD9,AD10,AD11) -> 0.08 | AE8: =CHOOSE(CASE,AE9,AE10,AE11) -> 0.07 | AF8: =Model!AF30 -> 0.083702941
B9: 1. Bear | W9: 0.1 | X9: =W9-0.01 -> 0.09 | Y9: =X9-0.01 -> 0.08 | Z9: =Y9-0.01 -> 0.07 | AB9: =Z9-0.01 -> 0.06 | AC9: =AB9-0.01 -> 0.05 | AD9: =AC9-0.01 -> 0.04 | AE9: =AD9-0.01 -> 0.03
B10: 2. Base | W10: 0.14 | X10: =W10-0.01 -> 0.13 | Y10: =X10-0.01 -> 0.12 | Z10: =Y10-0.01 -> 0.11 | AB10: =Z10-0.01 -> 0.1 | AC10: =AB10-0.01 -> 0.09 | AD10: =AC10-0.01 -> 0.08 | AE10: =AD10-0.01 -> 0.07
B11: 3. Bull | W11: 0.16 | X11: =W11-0.005 -> 0.155 | Y11: =X11-0.005 -> 0.15 | Z11: =Y11-0.005 -> 0.145 | AB11: =Z11-0.01 -> 0.135 | AC11: =AB11-0.005 -> 0.13 | AD11: =AC11-0.005 -> 0.125 | AE11: =AD11-0.005 -> 0.12
B13: New Store Productivity % | H13: =Model!H49 -> 0 | I13: =Model!I49 -> 0 | J13: =Model!J49 -> 0 | K13: =Model!K49 -> 0 | M13: =Model!M49 -> 0.7321369 | N13: =Model!N49 -> 0.71585593 | O13: =Model!O49 -> 0.68864266 | P13: =Model!P49 -> 0.62773939 | Q13: =Model!Q49 -> 0.68721607 | R13: =Model!R49 -> 0.7162961 | S13: =Model!S49 -> 0.69290686 | T13: =Model!T49 -> 0.71557094 | ... V13: =Model!V49 -> 0.65822913 | W13: =CHOOSE(CASE,W14,W15,W16) -> 0.7 | X13: =CHOOSE(CASE,X14,X15,X16) -> 0.7 | Y13: =CHOOSE(CASE,Y14,Y15,Y16) -> 0.7 | Z13: =CHOOSE(CASE,Z14,Z15,Z16) -> 0.7 | AA13: =Model!AA49 -> 0.64347488 | AB13: =CHOOSE(CASE,AB14,AB15,AB16) -> 0.675 | AC13: =CHOOSE(CASE,AC14,AC15,AC16) -> 0.675 | AD13: =CHOOSE(CASE,AD14,AD15,AD16) -> 0.675 | AE13: =CHOOSE(CASE,AE14,AE15,AE16) -> 0.675 | AF13: =Model!AF49 -> 0.66196819
B14: 1. Bear | W14: 0.65 | X14: =W14 -> 0.65 | Y14: =X14 -> 0.65 | Z14: =Y14 -> 0.65 | AB14: =W14-0.025 -> 0.625 | AC14: =X14-0.025 -> 0.625 | AD14: =Y14-0.025 -> 0.625 | AE14: =Z14-0.025 -> 0.625
B15: 2. Base | W15: 0.7 | X15: =W15 -> 0.7 | Y15: =X15 -> 0.7 | Z15: =Y15 -> 0.7 | AB15: =W15-0.025 -> 0.675 | AC15: =X15-0.025 -> 0.675 | AD15: =Y15-0.025 -> 0.675 | AE15: =Z15-0.025 -> 0.675
B16: 3. Bull | W16: 0.75 | X16: =W16 -> 0.75 | Y16: =X16 -> 0.75 | Z16: =Y16 -> 0.75 | AB16: =W16-0.025 -> 0.725 | AC16: =X16-0.025 -> 0.725 | AD16: =Y16-0.025 -> 0.725 | AE16: =Z16-0.025 -> 0.725
B18: Gross Margin % | G18: =Model!G77 -> 0.3524517 | H18: =Model!H77 -> 1 | I18: =Model!I77 -> 1 | J18: =Model!J77 -> 1 | K18: =Model!K77 -> 0.33383287 | L18: =Model!L77 -> 0.35071821 | M18: =Model!M77 -> 0.34924124 | N18: =Model!N77 -> 0.34945878 | ... V18: =Model!V77 -> 0.36490036 | W18: =CHOOSE(CASE,W19,W20,W21) -> 0.36362502 | X18: =CHOOSE(CASE,X19,X20,X21) -> 0.35992574 | Y18: =CHOOSE(CASE,Y19,Y20,Y21) -> 0.37749381 | Z18: =CHOOSE(CASE,Z19,Z20,Z21) -> 0.36 | AA18: =Model!AA77 -> 0.36489994 | AB18: =CHOOSE(CASE,AB19,AB20,AB21) -> 0.36362502 | AC18: =CHOOSE(CASE,AC19,AC20,AC21) -> 0.35992574 | AD18: =CHOOSE(CASE,AD19,AD20,AD21) -> 0.37749381 | AE18: =CHOOSE(CASE,AE19,AE20,AE21) -> 0.36 | AF18: =Model!AF77 -> 0.36489883
B19: 1. Bear | W19: =R$18-0.01 -> 0.35362502 | X19: =S$18-0.01 -> 0.34992574 | Y19: =T$18-0.01 -> 0.36749381 | Z19: =U$18-0.01 -> 0.35 | AB19: =W$18-0.01 -> 0.35362502 | AC19: =X$18-0.01 -> 0.34992574 | AD19: =Y$18-0.01 -> 0.36749381 | AE19: =Z$18-0.01 -> 0.35
B20: 2. Base | W20: =R$18 -> 0.36362502 | X20: =S$18 -> 0.35992574 | Y20: =T$18 -> 0.37749381 | Z20: =U$18 -> 0.36 | AB20: =W$18 -> 0.36362502 | AC20: =X$18 -> 0.35992574 | AD20: =Y$18 -> 0.37749381 | AE20: =Z$18 -> 0.36
B21: 3. Bull | W21: =R$18+0.01 -> 0.37362502 | X21: =S$18+0.01 -> 0.36992574 | Y21: =T$18+0.01 -> 0.38749381 | Z21: =U$18+0.01 -> 0.37 | AB21: =W$18+0.01 -> 0.37362502 | AC21: =X$18+0.01 -> 0.36992574 | AD21: =Y$18+0.01 -> 0.38749381 | AE21: =Z$18+0.01 -> 0.37
B23: SG&A/Sales % | G23: =Model!G85 -> 0.22331912 | H23: =Model!H85 -> 0 | I23: =Model!I85 -> 0 | J23: =Model!J85 -> 0 | K23: =Model!K85 -> 0.20112042 | L23: =Model!L85 -> 0.21965817 | M23: =Model!M85 -> 0.22172575 | N23: =Model!N85 -> 0.20973456 | ... V23: =Model!V85 -> 0.22773598 | W23: =CHOOSE(CASE,W24,W25,W26) -> 0.22419709 | X23: =CHOOSE(CASE,X24,X25,X26) -> 0.22107808 | Y23: =CHOOSE(CASE,Y24,Y25,Y26) -> 0.24793494 | Z23: =CHOOSE(CASE,Z24,Z25,Z26) -> 0.22 | AA23: =Model!AA85 -> 0.22773205 | AB23: =CHOOSE(CASE,AB24,AB25,AB26) -> 0.22419709 | AC23: =CHOOSE(CASE,AC24,AC25,AC26) -> 0.22107808 | AD23: =CHOOSE(CASE,AD24,AD25,AD26) -> 0.24793494 | AE23: =CHOOSE(CASE,AE24,AE25,AE26) -> 0.22 | AF23: =Model!AF85 -> 0.22772666
B24: 1. Bear | W24: =R$23-0.01 -> 0.21419709 | X24: =S$23-0.01 -> 0.21107808 | Y24: =T$23-0.01 -> 0.23793494 | Z24: =U$23-0.01 -> 0.21 | AB24: =W$23-0.01 -> 0.21419709 | AC24: =X$23-0.01 -> 0.21107808 | AD24: =Y$23-0.01 -> 0.23793494 | AE24: =Z$23-0.01 -> 0.21
B25: 2. Base | W25: =R$23 -> 0.22419709 | X25: =S$23 -> 0.22107808 | Y25: =T$23 -> 0.24793494 | Z25: =U$23 -> 0.22 | AB25: =W$23 -> 0.22419709 | AC25: =X$23 -> 0.22107808 | AD25: =Y$23 -> 0.24793494 | AE25: =Z$23 -> 0.22
B26: 3. Bull | W26: =R$23+0.01 -> 0.23419709 | X26: =S$23+0.01 -> 0.23107808 | Y26: =T$23+0.01 -> 0.25793494 | Z26: =U$23+0.01 -> 0.23 | AB26: =W$23+0.01 -> 0.23419709 | AC26: =X$23+0.01 -> 0.23107808 | AD26: =Y$23+0.01 -> 0.25793494 | AE26: =Z$23+0.01 -> 0.23
